 Dungeon Crawl Stone Soup version 0.22-a0-565-gfc6459a524 (webtiles) character file.

45249 Hercules1031 the Fighter (level 14, -2/139 HPs)
             Began as a Hill Orc Monk on June 28, 2018.
             Was the Champion of Beogh.
             Drowned by a water elemental (8 damage)
             ... summoned by Ilsuiw
             ... on level 3 of the Shoals.
             The game lasted 01:11:49 (17730 turns).

Hercules1031 the Fighter (Hill Orc Monk)           Turns: 17730, Time: 01:11:50

Health: -2/139     AC: 20    Str: 19    XL:     14   Next: 32%
Magic:  14/14      EV: 18    Int: 10    God:    Beogh [******]
Gold:   1801       SH:  0    Dex: 18    Spells: 13/13 levels left

rFire    + + .     SeeInvis .   A - +3 broad axe
rCold    . . .     Gourm    .   q - +1 buckler
rNeg     + . .     Faith    .   z - +3 fire dragon scales
rPois    .         Spirit   .   m - +0 helmet of Democracy {rN+}
rElec    .         Reflect  .   v - scarf {cloud immunity}
rCorr    .         Harm     .   J - +2 pair of gloves
MR       +....                  (no boots)
Stlth    ..........             t - amulet of regeneration
HPRegen  0.73/turn              f - +5 ring of dexterity
MPRegen  0.14/turn              P - ring of protection from cold

@: confused, engulfed (cannot breathe), mesmerised, very slightly contaminated,
invisible
A: walk on water, claws 1, robust 1
a: Smiting, Recall Orcish Followers, Give Item to Named Follower, Resurrection,
Renounce Religion


You were on level 3 of the Shoals.
You worshipped Beogh.
Beogh was exalted by your worship.
You were not hungry.

You visited 4 branches of the dungeon, and saw 18 of its levels.
You also visited: Ossuary and Ice Cave.

You collected 1801 gold pieces.

Inventory:

Hand Weapons
 b - a +2 battleaxe of freezing
 A - a +3 broad axe (weapon)
 M - a cursed +3 trident
 N - a +0 trident of pain
 Q - a +1 battleaxe of freezing
 U - a +4 trident of freezing
 Y - a +2 quarterstaff of distortion
Armour
 m - the +0 helmet of Democracy (worn) {rN+}
   (You took it off Robin on level 2 of the Dungeon)

   It protects you from negative energy.
 q - a +1 buckler (worn)
 v - a scarf of cloud immunity (worn)
 z - +3 fire dragon scales (worn)
 C - +0 ice dragon scales
 J - a +2 pair of gloves (worn)
 K - a +0 troll leather armour
Magical Staves
 r - an uncursed staff of death
 B - an uncursed staff of conjuration
 G - an uncursed staff of air
 I - an uncursed staff of death
Jewellery
 f - a +5 ring of dexterity (left hand)
 t - an amulet of regeneration (around neck)
 P - a ring of protection from cold (right hand)
 X - an uncursed ring of protection from fire
Wands
 d - a wand of digging (7)
 i - a wand of acid (22)
 j - a wand of paralysis (39)
 l - a wand of disintegration (40)
 x - a wand of iceblast (3)
 O - a wand of flame (65)
Scrolls
 e - 4 scrolls of fog
 g - 5 scrolls of blinking
 p - 4 scrolls of teleportation
 s - 6 scrolls of amnesia
 u - 2 scrolls of magic mapping
 D - 5 scrolls of remove curse
Potions
 a - 3 potions of lignification
 h - 4 potions of brilliance
 w - 4 potions of flight
Miscellaneous
 F - a sack of spiders
 H - a phial of floods
Comestibles
 c - 25 rations


   Skills:
 * Level 12.9 Fighting
 + Level 12.1 Axes
 * Level 11.5 Armour
 * Level 12.4 Dodging
 - Level 1.5 Stealth
 * Level 11.0 Shields


You had 13 spell levels left.
You didn't know any spells.
Your spell library contained the following spells:

 Spells                   Type           Power        Failure   Level  Hunger
 Cause Fear               Hex            #.........   100%        4    #####..
 Bolt of Cold             Conj/Ice       #.........   100%        6    #######
 Freezing Cloud           Conj/Ice/Air   #.........   100%        6    #######
 Animate Dead             Necr           N/A          100%        4    #####..
 Ozocubu's Refrigeration  Ice            #.........   100%        6    #######
 Stone Arrow              Conj/Erth      #.....       97%         3    ####...
 Recall                   Summ/Tloc      N/A          97%         3    ####...
 Ice Form                 Ice/Tmut       #.......     100%        4    #####..
 Death Channel            Necr           #.........   100%        6    #######
 Deflect Missiles         Chrm/Air       #.........   100%        6    #######
 Flame Tongue             Conj/Fire      #....        71%         1    ##.....
 Passwall                 Tmut/Erth      #.......     85%         2    ###....
 Ignite Poison            Fire/Tmut/Pois #.......     97%         3    ####...
 Metabolic Englaciation   Hex/Ice        #.........   100%        5    ######.
 Silence                  Hex/Air        #.........   100%        5    ######.
 Lee's Rapid Deconstruct  Erth           #.........   100%        5    ######.
 Sandblast                Erth           #.....       71%         1    ##.....
 Simulacrum               Ice/Necr       #.........   100%        6    #######
 Conjure Ball Lightning   Conj/Air       #.........   100%        6    #######
 Petrify                  Tmut/Erth      #.......     100%        4    #####..
 Tornado                  Air            #.........   100%        9    #######
 Spectral Weapon          Hex/Chrm       #.......     97%         3    ####...
 Discord                  Hex            #.........   100%        8    #######
 Summon Lightning Spire   Summ/Air       #.......     100%        4    #####..
 Summon Guardian Golem    Hex/Summ       #.......     97%         3    ####...
 Yara's Violent Unravell  Hex/Tmut       #.........   100%        5    ######.
 Borgnjor's Vile Clutch   Necr/Erth      #.........   100%        5    ######.


Dungeon Overview and Level Annotations

Branches:
Dungeon (11/15)            Temple (1/1) D:5            Lair (3/6) D:11
 Shoals (3/4) Lair:3          Orc (0/2) D:10
  Snake: Lair:2-4    Spider: Lair:2-4

Altars:
Ashenzari
Cheibriados
Dithmenos
Elyvilon
Fedhas
Gozag
Hepliaklqana
Kikubaaqudgha
Makhleb
Nemelex Xobeh
Okawaru
Qazlal
Ru
Sif Muna
Trog
Uskayaw
Vehumet
Wu Jian
Xom
Yredelemnul
Zin
The Shining One

Annotations:
Shoals:3 Ilsuiw


Innate Abilities, Weirdness & Mutations

You can walk on water.
You have sharp fingernails.
You are robust. (+10% HP)


Message History

The merfolk impaler dies!
Beogh accepts your kill.
You hear a splash. x3
The wind drake bites you but does no damage.
The merfolk siren hits your orc knight with a spear!
Bogric splashes around in the water.
You are confused.
You feel invigorated.
* * * LOW HITPOINT WARNING * * *
Your lungs strain for air!
Bogric no longer looks unusually strong.
You hear some strange, mumbled words.
Your orc knight splashes around in the water.
The water elemental hits you.
Orik closely misses the wind drake.
The wind drake closely misses you.
The merfolk siren hits your orc knight with a trident!
The merfolk siren closely misses you.
Are you sure you want to stumble around while confused and next to your ally Orik?
This could place you under penance!
Okay, then.
You die...

....≈m≈≈≈...≈≈≈≈≈≈≈≈
≈≈≈≈≈≈≈≈≈≈≈≈≈..≈≈.≈≈≈≈≈)
≈≈≈≈≈≈≈≈≈≈≈≈≈≈≈≈≈≈≈.≈≈≈≈≈
≈≈≈≈≈≈≈≈≈≈≈≈≈≈≈≈≈≈≈≈≈≈≈≈≈
≈≈≈≈≈≈≈≈≈≈≈≈≈≈≈≈≈≈≈≈≈≈≈≈≈
≈≈≈≈≈≈≈≈≈E≈≈≈≈≈≈.≈≈≈≈≈≈≈≈
≈≈≈≈≈≈≈≈≈tm≈≈≈≈...≈≈≈≈≈≈≈
≈≈≈≈≈≈≈{≈Emo≈≈..#.(≈≈≈≈≈≈
≈≈≈≈≈≈≈H@≈≈≈≈.####o≈≈≈≈≈≈
≈≈≈≈≈≈Ekooo≈).# #.o≈≈.≈≈≈
≈≈≈≈≈≈≈≈≈≈≈≈.####o≈≈≈≈≈≈≈
≈≈≈≈≈≈≈≈≈≈≈..##.o.≈≈≈≈≈≈≈
≈≈≈≈≈≈≈≈...####..(†≈≈≈≈≈≈
≈≈≈≈≈≈≈≈≈..# #...≈†≈≈≈≈≈≈
≈≈≈≈≈≈≈≈..## ##o..≈≈≈≈≈≈≈
≈≈≈≈≈≈≈≈.## ##.o≈≈≈≈≈≈≈≈
≈≈≈≈≈≈≈≈..## #.o≈≈≈≈≈≈≈PP


You could see a snapping turtle, a wind drake, a manticore, 3 water elementals,
2 merfolk sirens, a friendly orc knight, the friendly Bogric the orc knight, the
friendly Garbold the orc knight and the friendly Orik the orc knight.

Vanquished Creatures
  A titan (Shoals:2)
  2 frost giants
  A hydra (Lair:3)
  A two-headed ogre (D:11)
  2 death yaks (IceCv)
  A sea snake (Shoals:1)
  2 harpies (Shoals:3)
  Pikel (D:7)
  2 fauns
  A manticore (Shoals:3)
  5 cyclopes
  An ice statue (IceCv)
  3 merfolk sirens
  Psyche (D:9)
  A rime drake (IceCv)
  A water nymph (Shoals:2)
  2 spiny frogs (Lair:3)
  2 komodo dragons (Lair:1)
  6 merfolk
  A queen bee (D:11)
  11 polar bears (IceCv)
  4 hippogriffs
  Grinder (D:6)
  2 snapping turtles (Shoals:1)
  3 dream sheep
  15 yaks
  A wyvern (D:8)
  A hungry ghost (D:9)
  Menkaure (D:7)
  Duvessa (D:7)
  A water moccasin (D:10)
  3 porcupines
  3 sky beasts
  A slave (D:7)
  An ice beast (D:7)
  3 phantoms
  4 centaurs
  6 ogres
  16 wolves
  A crocodile (D:11)
  A bullfrog (D:11)
  4 big kobolds
  Dowan (D:7)
  A scorpion (D:4)
  12 killer bees
  3 howler monkeys
  A crimson imp (D:5)
  2 centaur zombies
  5 hounds
  A quasit (D:6)
  2 orc priests (D:4)
  4 orc wizards
  An iguana (D:10)
  Jessica (D:2)
  2 bullfrog skeletons
  9 worker ants
  A hound skeleton (D:5)
  8 mummies (Ossuary)
  Robin (D:2)
  12 adders
  A howler monkey skeleton (D:7)
  4 shadow imps
  6 white imps (Lair:3)
  An adder zombie (D:5)
  An adder skeleton (D:9)
  4 worms
  2 dart slugs
  5 leopard geckos
  8 orcs
  4 giant cockroaches
  2 gnoll zombies (Ossuary)
  11 goblins
  8 hobgoblins
  10 jackals
  34 kobolds
  5 quokkas
  5 ball pythons
  10 bats
  10 frilled lizards
  3 hobgoblin zombies (Ossuary)
  A jackal skeleton (D:7)
  2 kobold zombies (Ossuary)
  An orc zombie (Ossuary)
  A quokka skeleton (D:4)
  5 rats
332 creatures vanquished.

Vanquished Creatures (collateral kills)
  The ghost of ysobel the Carver, a journeyman MiGl of Trog (Shoals:1)
  Snorg (D:11)
  6 merfolk impalers
  2 hydras
  An ice dragon (D:9)
  A merfolk avatar (Shoals:1)
  A two-headed ogre (D:8)
  2 sea snakes
  A harpy (Shoals:3)
  A faun (Shoals:1)
  3 cyclopes (Shoals:2)
  3 manticores
  2 ugly things (D:11)
  A merfolk siren (Shoals:1)
  2 water nymphs (Shoals:1)
  A gargoyle (D:11)
  4 spiny frogs
  2 komodo dragons
  A rime drake (Lair:3)
  A wind drake (Shoals:1)
  12 merfolk
  A polar bear (IceCv)
  2 trolls (D:10)
  4 hippogriffs
  3 snapping turtles
  A dream sheep (D:9)
  A wraith (D:11)
  2 wyverns
  7 yaks
  2 water elementals
  3 water moccasins
  2 porcupines
  A phantom (D:10)
  2 orc warriors
  An eye of draining (D:11)
  3 wolves (Lair:1)
  5 centaurs
  2 crocodiles (Lair:1)
  A big kobold (D:9)
  A bullfrog (Lair:1)
  2 scorpions (D:8)
  17 killer bees
  5 wights (D:11)
  A howler monkey (D:10)
  A crimson imp (D:10)
  A bullfrog skeleton (D:10)
  2 orc wizards
  An iguana (D:9)
  2 worker ants
  A worker ant zombie (D:11)
  An adder (D:9)
  A shadow imp (D:11)
  6 white imps (Lair:3)
  2 leopard geckos (D:11)
  4 orcs (D:11)
  A giant cockroach (D:8)
  A jackal (D:10)
  2 kobolds (D:9)
  A quokka (D:9)
  7 fungi
  8 plants
160 creatures vanquished.

Vanquished Creatures (others)
  An orc knight (Shoals:2)
  An orc sorcerer (IceCv)
  A polar bear (IceCv)
  2 yaks (IceCv)
  A slave (D:7)
  5 orc wizards
  4 wolves (IceCv)
  3 orc priests
  8 orcs
26 creatures vanquished.

Grand Total: 518 creatures vanquished

Notes
Turn   | Place    | Note
-------+----------+-------------------------------------------
     0 | D:1      | Hercules1031 the Hill Orc Monk began the quest for the Orb.
     0 | D:1      | Reached XP level 1. HP: 19/19 MP: 1/1
   418 | D:1      | Reached XP level 2. HP: 14/27 MP: 2/2
   672 | D:1      | Reached skill level 1 in Armour
   839 | D:1      | Reached XP level 3. HP: 26/33 MP: 3/3
  1513 | D:2      | Found an ancient bone altar of Kikubaaqudgha.
  1851 | D:2      | Reached XP level 4. HP: 40/40 MP: 4/4
  1979 | D:2      | Noticed Jessica
  1990 | D:2      | Killed Jessica
  2132 | D:2      | Reached skill level 5 in Axes
  2283 | D:2      | Noticed Robin
  2305 | D:2      | Killed Robin
  2305 | D:2      | Reached XP level 5. HP: 4/47 MP: 5/5
  2315 | D:2      | Got a pitted helmet
  2700 | D:2      | Identified the cursed +0 helmet of Democracy {rN+} (You took it off Robin on level 2 of the Dungeon)
  2752 | D:3      | Found a glowing silver altar of Zin.
  2776 | D:3      | Found a hide-covered altar of Uskayaw.
  2802 | D:3      | Noticed an ogre
  2817 | D:3      | Killed an ogre
  2817 | D:3      | Reached XP level 6. HP: 21/55 MP: 6/6
  2821 | D:3      | Reached skill level 5 in Fighting
  3972 | D:4      | Became a worshipper of Beogh the Brigand
  3972 | D:4      | Reached * piety under Beogh
  3972 | D:4      | Reached ** piety under Beogh
  4335 | D:4      | Reached skill level 1 in Shields
  4346 | D:4      | Reached XP level 7. HP: 28/61 MP: 7/7
  5011 | D:4      | Found an opulent altar of Gozag.
  5211 | D:4      | Found a sacrificial altar of Ru.
  5283 | D:5      | Entered Level 5 of the Dungeon
  5572 | D:5      | Found a blossoming altar of Fedhas.
  5741 | D:5      | Found a staircase to the Ecumenical Temple.
  5793 | Temple   | Entered the Ecumenical Temple
  5998 | D:5      | Found a white marble altar of Elyvilon.
  6504 | D:6      | Noticed Grinder
  6510 | D:6      | Paralysed by Grinder for 4 turns
  6530 | D:6      | Paralysed by Grinder for 2 turns
  6536 | D:6      | Paralysed by Grinder for 5 turns
  6549 | D:6      | Paralysed by Grinder for 6 turns
  6560 | D:6      | Killed Grinder
  6560 | D:6      | Reached XP level 8. HP: 45/70 MP: 8/8
  6593 | D:6      | Found an ornate altar of the Wu Jian Council.
  6762 | D:6      | Reached *** piety under Beogh
  7031 | D:6      | Found a shattered altar of Ashenzari.
  7488 | D:7      | Noticed Pikel
  7513 | D:7      | Killed Pikel
  7513 | D:7      | Reached skill level 5 in Armour
  7594 | D:7      | Noticed Dowan
  7629 | D:7      | Killed Dowan
  7629 | D:7      | Reached XP level 9. HP: 65/79 MP: 9/9
  7677 | D:7      | Found a sand-covered staircase.
  7702 | D:7      | Noticed Menkaure
  7704 | D:7      | Reached skill level 5 in Dodging
  7715 | D:7      | Killed Menkaure
  7780 | Ossuary  | Entered an ossuary
  8185 | D:7      | Reached skill level 10 in Dodging
  8185 | D:7      | Reached XP level 10. HP: 86/86 MP: 10/10
  8187 | D:7      | Gained mutation: You have sharp fingernails. [potion of mutation]
  8187 | D:7      | Gained mutation: You are robust. (+10% HP) [potion of mutation]
  8211 | D:7      | Found a hazy altar of Hepliaklqana.
  8538 | D:7      | Noticed Duvessa
  8554 | D:7      | Killed Duvessa
  8554 | D:7      | Reached skill level 5 in Shields
  8589 | D:8      | Reached **** piety under Beogh
  8818 | D:8      | Noticed a two-headed ogre
  8828 | D:8      | Killed a two-headed ogre
  9055 | D:8      | Found a snail-covered altar of Cheibriados.
  9700 | D:9      | Gained Bogric as an ally
  9750 | D:9      | Reached XP level 11. HP: 99/103 MP: 11/11
  9902 | D:9      | Noticed Psyche
  9908 | D:9      | Killed Psyche
  9964 | D:9      | Noticed an ice dragon
  9972 | D:9      | Killed an ice dragon
 10114 | D:9      | Found an iron altar of Okawaru.
 10121 | D:9      | Found a deep blue altar of Sif Muna.
 10264 | D:9      | Noticed a two-headed hydra
 10274 | D:9      | Killed an eight-headed hydra
 10306 | D:10     | Entered Level 10 of the Dungeon
 10591 | D:10     | Found a staircase to the Orcish Mines.
 11000 | D:11     | Reached ***** piety under Beogh
 11000 | D:11     | Reached skill level 10 in Axes
 11350 | D:11     | Noticed a two-headed ogre
 11357 | D:11     | Killed a two-headed ogre
 11542 | D:11     | Noticed a cyan ugly thing
 11550 | D:11     | Killed a cyan ugly thing
 11573 | D:11     | Noticed Snorg
 11583 | D:11     | Killed Snorg
 11602 | D:11     | Identified a scroll of acquirement
 11702 | D:11     | Noticed a brown ugly thing
 11709 | D:11     | Killed a brown ugly thing
 11717 | D:11     | Found a staircase to the Lair.
 11838 | D:11     | Reached XP level 12. HP: 75/116 MP: 12/12
 12268 | Lair:1   | Entered Level 1 of the Lair of Beasts
 12284 | Lair:1   | Reached skill level 10 in Fighting
 12590 | Lair:1   | Noticed a five-headed hydra
 12595 | Lair:1   | Killed a five-headed hydra
 14235 | Lair:3   | Noticed a five-headed hydra
 14242 | Lair:3   | Killed a seven-headed hydra
 14272 | Lair:3   | Found a frozen archway.
 14362 | Lair:3   | Found a staircase to the Shoals.
 14389 | IceCv    | Entered an ice cave
 14552 | IceCv    | Reached ****** piety under Beogh
 14790 | IceCv    | Noticed a death yak
 14806 | IceCv    | Killed a death yak
 14806 | IceCv    | Reached XP level 13. HP: 67/127 MP: 13/13
 14868 | IceCv    | Noticed a frost giant
 14881 | IceCv    | Reached skill level 10 in Armour
 14895 | IceCv    | Killed a frost giant
 14927 | IceCv    | Identified the Incunabulum of Sulphur
 15402 | Shoals:1 | Entered Level 1 of the Shoals
 15427 | Shoals:1 | Gained Orik as an ally
 15518 | Shoals:1 | Noticed a merfolk impaler
 15528 | Shoals:1 | Killed a merfolk impaler
 15592 | Shoals:1 | Found a runed door.
 15593 | Shoals:1 | Noticed ysobel's ghost (journeyman MiGl)
 15607 | Shoals:1 | Noticed a merfolk impaler
 15613 | Shoals:1 | Killed ysobel's ghost
 15621 | Shoals:1 | Killed a merfolk impaler
 15740 | Shoals:1 | Reached skill level 10 in Shields
 15852 | Shoals:1 | Gained Garbold as an ally
 16085 | Shoals:1 | Noticed a merfolk impaler
 16097 | Shoals:1 | Killed a merfolk impaler
 16549 | Shoals:2 | Noticed a merfolk impaler
 16558 | Shoals:2 | Killed a merfolk impaler
 16890 | Shoals:2 | Noticed a frost giant
 16914 | Shoals:2 | Killed a frost giant
 16924 | Shoals:2 | Noticed a titan
 16964 | Shoals:2 | Killed a titan
 16964 | Shoals:2 | Reached XP level 14. HP: 64/139 MP: 14/14
 17708 | Shoals:3 | Noticed Ilsuiw
 17728 | Shoals:3 | HP: 4/139 [drowned by a water elemental[Ilsuiw] (6)]
 17730 | Shoals:3 | Drowned by a water elemental

Vault maps used:
D:1:      dpeg_arrival_water_altar
D:2:      old_standard_altar, kennysheep_generic_room_10, uniq_jessica,
          uniq_robin
D:3:      grunt_temple_overflow_open, first_ration
D:4:      kennysheep_spiral_hall, nicolae_ru_path_of_blood,
          minmay_misc_feat_chi, nicolae_gozag_cash_rules_everything_around_me
D:5:      lemuel_crystal_altar, lemuel_crystal_altar, minmay_temple_entry_glass,
          dk_noncrumbling_4, minmay_misc_feat_nine_boxes, corexii_corridor_pit
D:6:      kennysheep_kobold_camp, kennysheep_mini_moat, basic_altar,
          uniq_grinder
D:7:      lemuel_doored_altar, nicolae_ossuary_entry_monument, uniq_pikel,
          uniq_duvessa, uniq_menkaure
D:8:      lemuel_crystal_altar
D:9:      dragon1_lemuel, amethyst_overflow_temple_binary, hangedman_ranch,
          uniq_psyche
D:10:     orc_0_dummy
D:11:     lair_entry_dummy, hex_large, minivault_16, hangedman_decor_points,
          dk_noncrumbling_3, corexii_leaking_fountain, uniq_snorg
Temple:   compressed_dpeg_circular_temple
Lair:2:   nicolae_quartered_pool_medium, grunt_megastairs_4
Lair:3:   elwin_shoals_entry_rocks, portal_ice_cave_entry_imps,
          serial_bayou_shore_b
Shoals:1: gammafunk_ghost_grave
Shoals:2: st_sunken_temple
Shoals:3: uniq_ilsuiw
Ossuary:  ossuary_tomb_3
IceCv:    ice_cave_caverns_02

Skill      XL: |  1  2  3  4  5  6  7  8  9 10 11 12 13 14 |
---------------+-------------------------------------------+-----
Armour         | 1 2 3 4 5 6 8 9 11 | 11.5
Fighting       | 4 5 6 7 8 9 11 12 | 12.9
Dodging        | 3 4 10 11 12 | 12.4
Axes           | 5 6 7 8 9 10 11 12 | 12.1
Shields        | 1 3 4 5 7 9 10 11 | 11.0
Stealth        | |  1.5

Action                   |  1- 3 |  4- 6 |  7- 9 | 10-12 | 13-15 || total
-------------------------+-------+-------+-------+-------+-------++-------
Melee: Hand axe          |   117 |   207 |   403 |    22 |       ||   749
       Broad axe         |       |       |       |   551 |   288 ||   839
Invok: Convert to Beogh  |       |     1 |       |       |       ||     1
       Recall Orcish Fol |       |       |       |     9 |     9 ||    18
       Give Item to Name |       |       |       |     1 |     2 ||     3
Evoke: Wand              |       |       |       |     2 |       ||     2
       Phial of floods   |       |       |       |     1 |       ||     1
  Use: Scroll            |     1 |     1 |    13 |    17 |     3 ||    35
       Potion            |     3 |     2 |     5 |     9 |    15 ||    34
 Stab: Sleeping          |     9 |     1 |       |       |       ||    10
       Distracted        |     1 |       |       |     7 |     5 ||    13
       Invisible         |       |       |       |       |     6 ||     6
       Confused          |       |       |       |       |     3 ||     3
  Eat: Ration            |     1 |     2 |     4 |    10 |     3 ||    20
Armor: Robe              |    23 |    19 |       |       |       ||    42
       Skin              |       |     7 |       |       |       ||     7
       Animal skin       |       |     5 |       |       |       ||     5
       Scale mail        |       |    30 |     1 |       |       ||    31
       Chain mail        |       |       |    72 |       |       ||    72
       Plate armour      |       |       |   175 |   277 |       ||   452
       Ice dragon scales |       |       |       |   108 |    84 ||   192
       Fire dragon scale |       |       |       |       |    39 ||    39
Dodge: Dodged            |   104 |   142 |   138 |   444 |   289 ||  1117
Block: Buckler           |       |    13 |   124 |   301 |   129 ||   567

Table legend:
 A = Spawn XP
 B = Non-spawn XP
 C = Spawn XP percentage of total XP
 D = Spawn monster count
 E = Non-spawn monster count
 F = Spawn count percentage of total count
 G = Total turns spent on level
                    A         B        C        D         E        F      G
               +---------+---------+-------+---------+---------+-------+---------
         Total |       0 |   61612 |   0.0 |       0 |     476 |   0.0 | 17730
               +---------+---------+-------+---------+---------+-------+---------
           D:1 |       0 |      43 |   0.0 |       0 |      27 |   0.0 |  1487
           D:2 |       0 |     136 |   0.0 |       0 |      34 |   0.0 |  1253
           D:3 |       0 |     190 |   0.0 |       0 |      22 |   0.0 |  1085
           D:4 |       0 |     419 |   0.0 |       0 |      14 |   0.0 |  1458
           D:5 |       0 |     293 |   0.0 |       0 |      20 |   0.0 |   922
           D:6 |       0 |     499 |   0.0 |       0 |      28 |   0.0 |  1146
           D:7 |       0 |    1596 |   0.0 |       0 |      15 |   0.0 |   739
           D:8 |       0 |    1481 |   0.0 |       0 |      19 |   0.0 |   861
           D:9 |       0 |    3716 |   0.0 |       0 |      33 |   0.0 |   871
          D:10 |       0 |    2134 |   0.0 |       0 |      21 |   0.0 |   579
          D:11 |       0 |    5028 |   0.0 |       0 |      59 |   0.0 |  1383
        Lair:1 |       0 |    2991 |   0.0 |       0 |      19 |   0.0 |   779
        Lair:2 |       0 |    1222 |   0.0 |       0 |       9 |   0.0 |  1038
        Lair:3 |       0 |    2385 |   0.0 |       0 |      21 |   0.0 |   539
      Shoals:1 |       0 |   10516 |   0.0 |       0 |      30 |   0.0 |  1042
      Shoals:2 |       0 |   10766 |   0.0 |       0 |      27 |   0.0 |  1094
      Shoals:3 |       0 |    6376 |   0.0 |       0 |      14 |   0.0 |   192
       Ossuary |       0 |     157 |   0.0 |       0 |      16 |   0.0 |   364
         IceCv |       0 |   11664 |   0.0 |       0 |      48 |   0.0 |   778
               +---------+---------+-------+---------+---------+-------+---------
